 Dungeon Crawl Stone Soup version 0.29.0-4-gdea44cf6ec (webtiles) character file.

Game seed: 5328997967975785475

417 qw the Chopper (level 6, -3/36 HPs)
             Began as a Tengu Warper on Aug 28, 2022.
             Was an Initiate of Okawaru.
             Slain by a lemure (5 damage)
             ... led by Pikel
             ... on level 5 of the Dungeon.
             The game lasted 00:00:30 (4585 turns).

qw the Chopper (Tengu Warper)                       Turns: 4585, Time: 00:00:30

Health: -3/36      AC: 11    Str: 13    XL:     6   Next: 92%
Magic:  10/10      EV:  6    Int: 14    God:    Okawaru [......]
Gold:   86         SH:  4    Dex: 13    Spells: 9/9 levels left

rFire   . . .      SeeInvis .   Y - +1 hand axe
rCold   + . .      Faith    .   i - +0 buckler
rNeg    . . .      Spirit   .   a - +2 chain mail {rC+}
rPois   +          Reflect  .   (helmet restricted)
rElec   .          Harm     .   d - +0 cloak
rCorr   .          Rampage  .   (no gloves)
Will    .....                   (boots unavailable)
Stlth   ..........              (no amulet)
HPRegen 0.12/turn               f - ring of poison resistance
MPRegen 0.12/turn               (no ring)

@: about to teleport, flying quickly and evasively, quick
A: beak, talons 3, nimble flight
a: Renounce Religion


You were on level 5 of the Dungeon.
You worshipped Okawaru.
Okawaru was noncommittal.
You visited 2 branches of the dungeon, and saw 6 of its levels.

You collected 245 gold pieces.
You spent 159 gold pieces at shops.


Innate Abilities, Weirdness & Mutations

You have a beak for a mouth.
You have claws for feet.
Your magical nature lets you fly swiftly and evasively.


   Skills:
 + Level 2.8 Fighting
 - Level 7.1 Axes
 - Level 1.0 Throwing
 - Level 2.0 Armour
 - Level 2.1 Dodging
 - Level 1.0 Shields
 - Level 2.0 Spellcasting
 - Level 2.4 Translocations


You had 9 spell levels left.
You didn't know any spells.
Your spell library contained the following spells:

 Spells                   Type           Power      Damage    Failure   Level
 Blink                    Tloc           16%        N/A       99%         2
 Gell's Gravitas          Tloc           8%         N/A       100%        3
 Lesser Beckoning         Tloc           8%         N/A       100%        3
 Teleport Other           Tloc           8%         N/A       100%        3
 Manifold Assault         Tloc           8%         N/A       100%        5

Inventory:

Hand Weapons
 b - a +0 flail
 Y - a +1 hand axe (weapon)
Armour
 a - a +2 chain mail of cold resistance (worn)
 d - a +0 cloak (worn)
 i - a +0 buckler (worn)
 p - a +0 plate armour
Jewellery
 f - a ring of poison resistance (left hand)
 h - a ring of fire
Scrolls
 e - 2 scrolls of identify
 k - 2 scrolls of teleportation
Potions
 g - 2 potions of curing

Dungeon Overview and Level Annotations

Branches:
Dungeon (5/15)             Temple (1/1) D:4

Altars:
Ashenzari
Dithmenos
Elyvilon
Fedhas
Gozag
Hepliaklqana
Kikubaaqudgha
Makhleb
Nemelex Xobeh
Okawaru
Sif Muna
Trog
Uskayaw
Vehumet
Wu Jian
Xom
Yredelemnul
Zin
The Shining One

Shops:
D:3 *

Annotations:
D:5 Pikel, Sigmund


Message History

Pikel says, "Don't tell anyone, but I think Ereshkigal likes me."
You block Pikel's attack.
You hit the lemure but do no damage. Your peck misses the lemure.
The lemure is severely wounded.
You hit the lemure. You barely miss Pikel. You barely miss the lemure.
The lemure hits you.
The lemure hits you but does no damage. x2
Pikel hits you but does no damage.
You barely miss the lemure.
The lemure is severely wounded.
You hit the lemure but do no damage. You closely miss Pikel.
You barely miss the lemure. The lemure hits you. The lemure barely misses you.
The lemure hits you. Pikel hits you but does no damage.
You closely miss the lemure.
The lemure is severely wounded.
You hit the lemure. You hit Pikel but do no damage.
You hit the lemure but do no damage.
The lemure barely misses you. x2; The lemure hits you but does no damage.
Pikel zaps a wand.
You resist with some effort.
You hit the lemure. Your kick misses the lemure.
The lemure is severely wounded.
You hit the lemure. You hit Pikel. You hit the lemure. The lemure hits you.
The lemure hits you! The lemure closely misses you.
Pikel says, "Don't tell anyone, but I think Ereshkigal likes me."
Pikel hits you but does no damage.
4583 ||| READING 3 scrolls of teleportation.
As you read the scroll of teleportation, it crumbles to dust.
You feel strangely unstable.
The lemure hits you. x3; Pikel hits you but does no damage.
You barely miss the lemure.
The lemure is severely wounded.
You barely miss the lemure. You hit Pikel but do no damage.
You hit the lemure but do no damage. The lemure closely misses you.
The lemure hits you but does no damage. You block the lemure's attack.
You block Pikel's attack.
You hit the lemure. Your peck misses the lemure.
The lemure is severely wounded.
You hit the lemure. You closely miss Pikel. You hit the lemure.
The lemure hits you.
You die...

#......#
#...n......
.#.......
#.........#
.........
##........#
#........
##########
#......>.
#........
#5...!..#
##5K...#
#5@5..#
##.##..#
#..# ..#
##.## ..#
##.## ...
#..# ..
##.## .
#..# ##.##


You could see Pikel and 4 lemures.

Vanquished Creatures
  A phantom (D:5)
  A necrophage (D:5)
  A scorpion (D:4)
  An iguana (D:4)
  Robin (D:2)
  4 gnolls (D:2)
  4 adders
  A shadow imp (D:5)
  An ufetubus (D:4)
  A worm (D:2)
  A dart slug (D:1)
  5 orcs (D:4)
  11 ball pythons
  7 bats
  7 endoplasms
  2 giant cockroaches
  11 goblins
  7 hobgoblins
  6 jackals (D:4)
  2 quokkas
  A frilled lizard (D:2)
  2 kobolds
  5 rats
83 creatures vanquished.

Vanquished Creatures (collateral kills)
  2 orcs (D:4)
2 creatures vanquished.

Grand Total: 85 creatures vanquished

Notes
Turn   | Place    | Note
-------+----------+-------------------------------------------
     0 | D:1      | qw the Tengu Warper began the quest for the Orb.
     0 | D:1      | Reached XP level 1. HP: 12/12 MP: 4/4
     0 | D:1      | 0 ||| qw: Version: 0.1-a-89-g26bdef1
     0 | D:1      | 0 ||| qw: Game counter: 1658
     0 | D:1      | 0 ||| qw: Always use a shield: true
     0 | D:1      | 0 ||| qw: God list: Okawaru
     0 | D:1      | 0 ||| qw: Allow faded altars: false
     0 | D:1      | 0 ||| qw: Do Orc after D:15 true
     0 | D:1      | 0 ||| qw: Do second Lair branch before Depths: true
     0 | D:1      | 0 ||| qw: Lair rune preference: random
     0 | D:1      | 0 ||| qw: Plans: Normal
     0 | D:1      | 0 ||| PLANNING D:1-11
    33 | D:1      | 33 ||| Stepping ~*~*~tactically~*~*~ (stealth).
    35 | D:1      | 35 ||| Stepping ~*~*~tactically~*~*~ (stealth).
    37 | D:1      | 37 ||| Stepping ~*~*~tactically~*~*~ (stealth).
    69 | D:1      | Reached XP level 2. HP: 17/17 MP: 6/6
   101 | D:1      | Reached skill level 3 in Axes
   775 | D:1      | Reached XP level 3. HP: 21/21 MP: 7/7
   953 | D:1      | 953 ||| UPGRADING to +0 cloak.
   958 | D:1      | 958 ||| UPGRADING to +0 buckler.
   963 | D:1      | 963 ||| UPGRADING to ring of poison resistance.
   964 | D:1      | 964 ||| READING scroll labelled EGATELY IPHOS.
   968 | D:1      | 968 ||| READING scroll labelled UNYEFI XIOTAO.
   969 | D:1      | 969 ||| DRINKING 2 glowing amethyst potions.
   970 | D:1      | 970 ||| DROPPING scroll of blinking.
   986 | D:2      | Found a faded altar of an unknown god.
  1350 | D:2      | You fall into a shaft and drop 1 floor!
  1359 | D:3      | Found Zafiagh's Assorted Antiques.
  1383 | D:3      | 1383 ||| UPGRADING to +2 chain mail of cold resistance.
  1393 | D:3      | 1393 ||| DROPPING +0 leather armour.
  1394 | D:3      | 1394 ||| READING scroll labelled MOOSESCH SEOPA.
  1395 | D:3      | 1395 ||| READING scroll labelled KOTESM RI OGEOSURA.
  1413 | D:3      | Reached skill level 1 in Shields
  1473 | D:2      | Reached skill level 4 in Axes
  1476 | D:2      | 1476 ||| Stepping ~*~*~tactically~*~*~ (stealth).
  1484 | D:2      | Reached XP level 4. HP: 26/26 MP: 8/8
  1484 | D:2      | 1484 ||| Stepping ~*~*~tactically~*~*~ (stealth).
  1506 | D:2      | 1506 ||| DROPPING +0 mace.
  1837 | D:2      | 1837 ||| READING scroll labelled FIT CECUBIBA.
  1854 | D:3      | Noticed Robin
  1858 | D:3      | 1858 ||| STAIRDANCE
  1924 | D:3      | 1924 ||| STAIRDANCE
  1928 | D:2      | Reached skill level 5 in Axes
  1985 | D:3      | 1985 ||| STAIRDANCE
  1990 | D:2      | Killed Robin
  2059 | D:3      | 2059 ||| STAIRDANCE
  2070 | D:3      | 2070 ||| STAIRDANCE
  2143 | D:3      | 2143 ||| STAIRDANCE
  2205 | D:3      | 2205 ||| STAIRDANCE
  2230 | D:3      | 2230 ||| STAIRDANCE
  2240 | D:3      | Gained mutation: Your magical nature lets you fly swiftly
                  | and evasively. [Tengu growth]
  2240 | D:3      | Reached XP level 5. HP: 24/30 MP: 9/9
  2641 | D:3      | 2641 ||| SHOPLISTING ring of poison resistance (540 gold,
                  | have 199).
  2641 | D:3      | 2641 ||| BUYING ruby potion (24 gold).
  2641 | D:3      | Bought a ruby potion for 24 gold pieces
  2641 | D:3      | 2641 ||| BUYING scroll labelled HISMAZ RITH (27 gold).
  2641 | D:3      | Bought a scroll labelled HISMAZ RITH for 27 gold pieces
  2641 | D:3      | 2641 ||| BUYING scroll labelled QIAHEADICS (27 gold).
  2641 | D:3      | Bought a scroll labelled QIAHEADICS for 27 gold pieces
  2641 | D:3      | 2641 ||| BUYING scroll of teleportation (81 gold).
  2641 | D:3      | Bought a scroll of teleportation for 81 gold pieces
  2950 | D:3      | 2950 ||| READING scroll labelled ZOEZORGHU KYMAO.
  2951 | D:3      | 2951 ||| READING scroll labelled HISMAZ RITH.
  2952 | D:3      | 2952 ||| READING scroll labelled QIAHEADICS.
  2953 | D:3      | 2953 ||| READING scroll labelled TETEN YTEMY.
  3086 | D:3      | 3086 ||| READING 4 scrolls of identify.
  3086 | D:3      | 3086 ||| IDENTIFYING white potion
  3087 | D:3      | 3087 ||| READING 3 scrolls of identify.
  3087 | D:3      | 3087 ||| IDENTIFYING clear potion
  3088 | D:3      | 3088 ||| READING 2 scrolls of identify.
  3088 | D:3      | 3088 ||| IDENTIFYING ruby potion
  3089 | D:3      | 3089 ||| DROPPING potion of lignification.
  3090 | D:3      | 3090 ||| DROPPING potion of flight.
  3091 | D:3      | 3091 ||| DROPPING potion of attraction.
  3149 | D:4      | 3149 ||| Stepping ~*~*~tactically~*~*~ (stealth).
  3151 | D:4      | 3151 ||| Stepping ~*~*~tactically~*~*~ (stealth).
  3193 | D:4      | 3193 ||| Stepping ~*~*~tactically~*~*~ (stealth).
  3198 | D:4      | 3198 ||| Stepping ~*~*~tactically~*~*~ (stealth).
  3200 | D:4      | 3200 ||| Stepping ~*~*~tactically~*~*~ (stealth).
  3221 | D:4      | 3221 ||| DROPPING +1 whip of pain.
  3231 | D:4      | Found a bloodstained altar of Trog.
  3233 | D:4      | 3233 ||| Stepping ~*~*~tactically~*~*~ (stealth).
  3235 | D:4      | 3235 ||| Stepping ~*~*~tactically~*~*~ (stealth).
  3249 | D:4      | 3249 ||| Stepping ~*~*~tactically~*~*~ (stealth).
  3331 | D:4      | 3331 ||| Stepping ~*~*~tactically~*~*~ (stealth).
  3337 | D:4      | Reached skill level 6 in Axes
  3337 | D:4      | Reached XP level 6. HP: 27/35 MP: 10/10
  3482 | D:4      | 3482 ||| Stepping ~*~*~tactically~*~*~ (stealth).
  3489 | D:4      | 3489 ||| Stepping ~*~*~tactically~*~*~ (stealth).
  3510 | D:4      | 3510 ||| Stepping ~*~*~tactically~*~*~ (stealth).
  3513 | D:4      | 3513 ||| Stepping ~*~*~tactically~*~*~ (stealth).
  3577 | D:4      | Found a staircase to the Ecumenical Temple.
  3578 | D:4      | 3578 ||| PLANNING TEMPLE
  3578 | D:4      | 3578 ||| DROPPING +6 ring of intelligence.
  3579 | D:4      | 3579 ||| READING scroll labelled OVI XEGEOHASIL DONN.
  3580 | D:4      | 3580 ||| READING scroll labelled HAKIQOUBLO.
  3581 | D:4      | 3581 ||| READING scroll labelled VUNKACVYPEP.
  3582 | D:4      | 3582 ||| DRINKING 2 sapphire potions.
  3601 | Temple   | Entered the Ecumenical Temple
  3690 | Temple   | Became a worshipper of Warmaster Okawaru
  3764 | Temple   | 3764 ||| PLANNING D:1-11
  4081 | D:5      | Entered Level 5 of the Dungeon
  4082 | D:5      | Noticed Sigmund
  4090 | D:5      | HP: 5/35 [shadow imp/nerve-wracking pain (10)]
  4091 | D:5      | 4091 ||| READING 7 scrolls of teleportation.
  4091 | D:5      | HP: 2/35 [poisoned by Sigmund]
  4092 | D:5      | 4092 ||| DRINKING potion of heal wounds.
  4095 | D:5      | 4095 ||| READING 6 scrolls of teleportation.
  4096 | D:5      | HP: 4/35 [poisoned by Sigmund]
  4099 | D:5      | 4099 ||| READING 5 scrolls of teleportation.
  4106 | D:5      | 4106 ||| READING 4 scrolls of teleportation.
  4106 | D:5      | HP: 2/35 [adder (2)]
  4430 | D:5      | Reached skill level 7 in Axes
  4568 | D:5      | Noticed Pikel
  4569 | D:5      | 4569 ||| Stepping ~*~*~tactically~*~*~ (hiding).
  4582 | D:5      | HP: 9/36 [lemure[Pikel] (7)]
  4583 | D:5      | 4583 ||| READING 3 scrolls of teleportation.
  4583 | D:5      | HP: 4/36 [lemure[Pikel] (1)]
  4585 | D:5      | Slain by a lemure

Levels and vault maps discovered:
D:1:      reono_arrival_forest_river, layout_basic, reono_crystal_passage
D:2:      layout_loops_corners, nicolae_ecumenical_pavilion
D:3:      layout_loops_ring, serial_shops, nicolae_shop_waterfront,
          lemuel_flame_loot_1, uniq_robin
D:4:      layout_basic, trog_three_pillars_becter,
          minmay_temple_entry_nine_rooms
D:5:      layout_cave_pods, nicolae_ru_sacrificial_ziggurat, uniq_eustachio,
          uniq_pikel, uniq_duvessa, uniq_sigmund
Temple:   regret_index_temple_mists

Skill      XL: |  1  2  3  4  5  6 |
---------------+-------------------+-----
Axes           | 3 4 5 6 7 |  7.1
Shields        | 1 |  1.0
Armour         | 2 |  2.0
Fighting       | |  2.8
Throwing       | |  1.0
Dodging        | |  2.1
Spellcasting   | |  2.0
Translocations | |  2.4

Action                   |  1- 3 |  4- 6 || total
-------------------------+-------+-------++-------
Melee: Hand axe          |    68 |   163 ||   231
       Kick              |    16 |    43 ||    59
       Peck              |     6 |    19 ||    25
Throw: Boomerang         |     7 |       ||     7
  Use: Scroll            |     4 |    16 ||    20
       Potion            |     1 |     2 ||     3
 Stab: Distracted        |       |     1 ||     1
Armor: Leather armour    |    18 |       ||    18
       Chain mail        |     8 |    90 ||    98
Dodge: Dodged            |    37 |    47 ||    84
Block: Buckler           |     3 |    30 ||    33

Table legend:
 A = Non-vault XP
 B = Vault XP
 C = Vault XP percentage of total XP
 D = Non-vault monster count
 E = Vault monster count
 F = Vault count percentage of total count
                 A         B        C        D         E       F
            +---------+---------+-------+---------+---------+-------
      Total |     557 |      39 |   6.5 |      72 |      13 |  15.3
            +---------+---------+-------+---------+---------+-------
        D:1 |      38 |       0 |   0.0 |      21 |       0 |   0.0
        D:2 |      83 |      35 |  29.7 |      12 |      11 |  47.8
        D:3 |      28 |       4 |  12.5 |      12 |       2 |  14.3
        D:4 |     172 |       0 |   0.0 |      22 |       0 |   0.0
        D:5 |     236 |       0 |   0.0 |       5 |       0 |   0.0
            +---------+---------+-------+---------+---------+-------
